 Dungeon Crawl Stone Soup version 0.21.1-1-g345015f (webtiles) character file.

116328 prawnwizard the Scorcher (level 16, -2/88 HPs)
             Began as a Deep Elf Fire Elementalist on July 1, 2018.
             Was a High Priest of Vehumet.
             Slain by a merfolk
             ... wielding a +0 trident
              (9 damage)
             ... on level 4 of the Shoals on July 2, 2018.
             The game lasted 04:03:27 (36905 turns).

prawnwizard the Scorcher (DEFE)                    Turns: 36905, Time: 04:03:27

Health: -2/88      AC: 14    Str:  7    XL:     16   Next: 20%
Magic:  4/38       EV: 18    Int: 32    God:    Vehumet [*****.]
Gold:   2723       SH:  0    Dex: 16    Spells: 13/47 levels left

rFire    + + .     SeeInvis .   z - staff of wizardry
rCold    . . .     Gourm    .   (no shield)
rNeg     . . .     Faith    .   Z - +0 acid dragon scales
rPois    +         Spirit   .   M - +0 hat {MR+}
rElec    .         Reflect  .   k - scarf {repulsion}
rCorr    +         Harm     .   V - +2 pair of gloves of Immorality {+Inv rF+}
MR       ++...                  T - +2 pair of boots "Gof Ruu" {rF+ Dex+3}
Stlth    ++........             K - amulet of magic regeneration
HPRegen  0.24/turn              S - ring of Logeerev {rPois EV-2 Str+2 Int+4 Slay-4}
MPRegen  0.51/turn              A - +2 ring of protection

@: lethally poisoned (-2 -> -2), repel missiles
A: clumsy 1
a: Renounce Religion, Evoke Invisibility


You were on level 4 of the Shoals.
You worshipped Vehumet.
Vehumet was extremely pleased with you.
You were not hungry.

You visited 4 branches of the dungeon, and saw 27 of its levels.
You also visited: Ossuary and Bailey.

You collected 3296 gold pieces.
You spent 573 gold pieces at shops.

Inventory:

Armour
 k - a scarf of repulsion (worn)
 M - a +0 hat of magic resistance (worn)
 T - the +2 pair of boots "Gof Ruu" (worn) {rF+ Dex+3}
   (You bought it in a shop on level 2 of the Orcish Mines)

   It affects your dexterity (+3).
   It protects you from fire.
 V - the +2 pair of gloves of Immorality (worn) {+Inv rF+}
   (You found it on level 13 of the Dungeon)

   It protects you from fire.
   It lets you turn invisible.
 Z - +0 acid dragon scales (worn)
Magical Staves
 z - an uncursed staff of wizardry (weapon)
Jewellery
 d - a +5 amulet of reflection
 x - an uncursed ring of positive energy
 A - a +2 ring of protection (right hand)
 J - an uncursed ring of poison resistance
 K - an amulet of magic regeneration (around neck)
 O - an uncursed ring of resist corrosion
 S - the ring of Logeerev (left hand) {rPois EV-2 Str+2 Int+4 Slay-4}
   (You found it on level 12 of the Dungeon)

   [ring of evasion]

   It affects your evasion (-2).
   It affects your strength (+2).
   It affects your intelligence (+4).
   It affects your accuracy and damage with ranged weapons and melee attacks
   (-4).
   It protects you from poison.
Wands
 a - a wand of disintegration (9)
 i - a wand of iceblast (7)
 u - a wand of digging (11)
 v - a wand of paralysis (43)
 H - a wand of scattershot (7)
 W - a wand of flame (69)
 Y - a wand of enslavement (12)
Scrolls
 f - 5 scrolls of enchant armour
 j - 6 scrolls of magic mapping
 o - a scroll of holy word
 p - 12 scrolls of teleportation
 q - 9 scrolls of remove curse
 r - 6 scrolls of identify
 w - 2 scrolls of acquirement {unknown}
 B - a scroll of blinking
 D - 4 scrolls of fear
 F - 3 scrolls of summoning
 G - 3 scrolls of enchant weapon
 Q - 4 scrolls of amnesia
 X - 2 scrolls of immolation
Potions
 e - 7 potions of brilliance
 g - a potion of heal wounds
 l - 4 potions of agility
 m - 4 potions of invisibility
 t - 4 potions of flight
 C - a potion of ambrosia
 E - 7 potions of curing
 I - 3 potions of resistance
 P - 6 potions of haste
 U - a potion of might
Books
 b - a book of Flames

   Spells                             Type                      Level
   a - Flame Tongue                   Conjuration/Fire             1
   b - Throw Flame                    Conjuration/Fire             2
   c - Conjure Flame                  Conjuration/Fire             3
   d - Inner Flame                    Hexes/Fire                   3
   e - Sticky Flame                   Conjuration/Fire             4
   f - Fireball                       Conjuration/Fire             5
 s - a book of Death

   Spells                             Type                      Level
   a - Corpse Rot                     Necromancy                   2
   b - Sublimation of Blood           Necromancy                   2
   c - Agony                          Necromancy                   5
   d - Dispel Undead                  Necromancy                   5
   e - Excruciating Wounds            Charms/Necromancy            5
   f - Bolt of Draining               Conjuration/Necromancy       5
 y - a book of Necromancy

   Spells                             Type                      Level
   a - Pain                           Necromancy                   1
   b - Animate Skeleton               Necromancy                   1
   c - Vampiric Draining              Necromancy                   3
   d - Regeneration                   Charms/Necromancy            3
   e - Animate Dead                   Necromancy                   4
   f - Borgnjor's Vile Clutch         Necromancy/Earth             5
 L - a book of Minor Magic

   Spells                             Type                      Level
   a - Magic Dart                     Conjuration                  1
   b - Blink                          Translocation                2
   c - Call Imp                       Summoning                    2
   d - Slow                           Hexes                        2
   e - Conjure Flame                  Conjuration/Fire             3
   f - Mephitic Cloud                 Conjuration/Poison/Air       3
Miscellaneous
 h - a lamp of fire
 N - a box of beasts
 R - a fan of gales
Comestibles
 c - 22 rations
 n - 2 chunks of flesh


   Skills:
 - Level 6.0 Fighting
 + Level 13.8 Dodging
 - Level 2.4 Stealth
 + Level 16.1 Spellcasting
 + Level 13.7 Conjurations
 * Level 18.8 Fire Magic
 + Level 6.6 Evocations


You had 13 spell levels left.
You knew the following spells:

 Your Spells              Type           Power        Failure   Level  Hunger
a - Flame Tongue          Conj/Fire      #####        0%          1    None
b - Throw Flame           Conj/Fire      ######       0%          2    None
c - Sticky Flame          Conj/Fire      #######.     1%          4    None
d - Fireball              Conj/Fire      #######...   1%          5    None
e - Conjure Flame         Conj/Fire      #######.     0%          3    None
f - Blink                 Tloc           N/A          1%          2    None
g - Magic Dart            Conj           ####         0%          1    None
h - Bolt of Draining      Conj/Necr      ######....   1%          5    None
i - Iskenderun's Battles  Conj/Chrm      ######..     1%          5    None
j - Bolt of Fire          Conj/Fire      #######...   1%          6    ##.....


Dungeon Overview and Level Annotations

Branches:
Dungeon (15/15)            Temple (0/1) D:7            Lair (6/6) D:10
 Shoals (4/4) Lair:3        Slime (0/5) Lair:5          Orc (2/2) D:10
    Elf (0/3) Orc:2        Vaults (0/5) D:14         Depths (0/5) D:15
  Snake: Lair:2-4    Spider: Lair:2-4

Altars:
Cheibriados
Dithmenos
Elyvilon
Gozag
Okawaru
Qazlal
Trog
Vehumet
Wu Jian
Jiyva

Shops:
D:10 ?   D:11 *   Orc:2 =%:[*

Portals:
Trove: D:15 (give 4 scrolls of blinking)

Annotations:
D:3 robotcentaur's ghost, weakling GnSk
Lair:4 Rupert; bande's ghost, journeyman GrFi
Shoals:1 mistaj's ghost, adept GrFi
Shoals:4 Nikola; Polyphemus


Innate Abilities, Weirdness & Mutations

You are clumsy. (Dex -2)


Message History

* * * LOW HITPOINT WARNING * * *
Polyphemus throws a large rock.
The large rock hits you but does no damage.
You feel much better.
You feel sick.
The catoblepas burns!
The catoblepas breathes a plume of calcifying dust at you.
The blast of calcifying dust hits you!
Polyphemus glares at you with his lone eye.
Polyphemus throws a large rock.
The large rock misses you.
The large rock hits the catoblepas!!!
The catoblepas dies!
A merfolk comes into view. It is wielding a trident.
You feel sick. The merfolk misses you.
Casting: Sticky Flame
Confirm with . or Enter, or press ? or * to list all spells.
Okay, then.
You feel sick.
Polyphemus throws a large rock.
The large rock hits you!!
* * * LOW HITPOINT WARNING * * *
The merfolk hits you from afar with a trident!
You die...

≈..####.......≈≈≈≈..........≈≈..≈
..............≈≈≈≈..............≈
.................................
.................................
.................(...CC..........
..............≈...§..............
..............≈....##+##.........
..............≈...## ##†≈.....#
####............@.# #≈≈≈≈≈≈##
#....#.......≈≈...# #≈≈≈(≈≈#≈
≈...#≈#≈≈≈≈≈≈≈.≈≈m# #Y≈(≈≈≈)≈
≈#≈..#...≈≈≈≈≈.≈≈≈# ##§§≈≈≈≈#≈
#≈≈≈...# ≈≈≈≈≈≈≈≈.. ####≈Y≈≈≈≈≈##
≈#≈≈≈..# ≈≈≈≈≈≈≈≈≈..≈≈≈≈≈C≈≈≈≈PP#
.≈#≈#≈≈# ≈≈≈≈≈≈≈≈≈≈≈≈P≈P≈≈≈≈≈≈≈≈≈
..≈#≈≈# ≈≈≈≈≈≈≈≈≈≈≈P≈C≈≈≈≈≈≈≈≈≈≈
#...≈# ≈≈≈≈PP≈≈≈≈≈≈≈


You could see Polyphemus and a merfolk.

Vanquished Creatures
  Gastronok (Lair:2)
  Ilsuiw (Shoals:4)
  The ghost of WeiSong the Slicer, a journeyman DsAr of Wu Jian (Orc:1)
  An ettin (D:15)
  5 merfolk javelineers
  The ghost of todius the Fighter, a journeyman TrMo of the Shining One (D:10)
  2 merfolk impalers
  5 hydras
  A merfolk avatar (Shoals:3)
  An ogre mage (D:15)
  14 two-headed ogres
  A satyr (Shoals:4)
  4 centaur warriors
  5 merfolk aquamancers
  3 death yaks (Lair:6)
  3 orc high priests (Orc:2)
  2 tengu warriors (D:15)
  The ghost of WeiSong the Grappler, a novice DrTm (D:7)
  A flayed ghost (D:14)
  3 wizards (D:14)
  8 sea snakes
  An unseen horror (D:14)
  A deep elf archer (D:15)
  4 harpies (Shoals:3)
  2 wolf spiders
  8 orc knights
  4 deep elf magi
  The ghost of Timbabwe the Grappler, a novice DrTm (D:5)
  6 orc sorcerers
  4 cyclopes
  8 elephants
  2 ugly things
  9 manticores
  15 fauns
  A water nymph (Shoals:4)
  2 merfolk sirens (Shoals:4)
  A guardian serpent (Lair:6)
  7 black mambas
  Joseph (D:7)
  3 centaur skeletons
  A rime drake (Lair:4)
  13 spiny frogs
  3 kobold demonologists (D:15)
  10 komodo dragons
  An efreet (D:15)
  2 tengu conjurers (D:14)
  5 trolls
  A polar bear (Lair:4)
  2 wind drakes (Shoals:2)
  3 hornets
  6 merfolk
  7 snapping turtles
  A meliai zombie (D:15)
  3 slime creatures (D:15)
  7 hippogriffs
  13 dream sheep
  2 redbacks (Lair:6)
  A spriggan (D:7)
  2 shadows (D:15)
  18 wyverns
  7 water elementals
  2 wraiths
  Eustachio (D:4)
  31 yaks
  2 hungry ghosts
  A basilisk (D:12)
  3 vampire mosquitoes
  A soldier ant (D:14)
  2 wargs
  A naga (shapeshifter) (D:15)
  20 water moccasins
  2 acid dragons
  11 porcupines
  4 sky beasts
  28 orc warriors
  An eye of draining (D:13)
  3 black bears
  A hornet zombie (D:15)
  9 ogres
  2 phantoms
  5 centaurs
  6 wolves
  8 crocodiles
  An elf zombie (Ossuary)
  A big kobold (D:7)
  17 bullfrogs
  5 scorpions
  22 killer bees
  4 electric eels
  A howler monkey (D:7)
  4 crimson imps
  6 hounds
  2 jellies
  7 centaur zombies
  18 orc priests
  21 orc wizards
  A gnoll shaman (D:7)
  A human zombie (Ossuary)
  Natasha (thrice) (D:3)
  3 bullfrog skeletons
  5 iguanas
  11 worker ants
  A big kobold zombie (Ossuary)
  A hound skeleton (D:5)
  3 mummies
  Robin (D:1)
  10 adders
  13 gnolls
  2 howler monkey skeletons
  An ooze (D:1)
  An adder skeleton (D:4)
  5 adder zombies
  4 worms
  2 leopard geckos
  92 orcs
  A ball python (D:4)
  10 giant cockroaches
  20 goblins
  9 hobgoblins
  18 jackals
  28 kobolds
  6 quokkas
  A ball python skeleton (D:5)
  3 bats
  5 frilled lizards
  3 goblin zombies (Ossuary)
  7 hobgoblin zombies (Ossuary)
  2 jackal zombies (Ossuary)
  7 kobold zombies (Ossuary)
  11 orc zombies (Ossuary)
  A quokka skeleton (D:8)
  8 rats
  A rat zombie (Ossuary)
  18 plants
824 creatures vanquished.

Vanquished Creatures (others)
  A catoblepas (Shoals:4)
  A vampire mosquito (D:15)
  An orc wizard (Orc:2)
  An orc (D:4)
  12 fungi
  21 plants
37 creatures vanquished.

Grand Total: 861 creatures vanquished

Notes
Turn   | Place    | Note
-------+----------+-------------------------------------------
     0 | D:1      | prawnwizard the Deep Elf Fire Elementalist began the quest for the Orb.
     0 | D:1      | Reached XP level 1. HP: 10/10 MP: 6/6
   255 | D:1      | Reached XP level 2. HP: 15/15 MP: 2/8
   260 | D:1      | Learned a level 2 spell: Throw Flame
   527 | D:1      | You fall through a shaft!
   529 | D:2      | Reached skill level 4 in Fire Magic
   535 | D:2      | Reached XP level 3. HP: 19/19 MP: 3/9
  1075 | D:2      | Noticed Robin
  1324 | D:1      | Reached XP level 4. HP: 23/24 MP: 4/11
  1419 | D:2      | Reached skill level 5 in Fire Magic
  1479 | D:2      | Learned a level 4 spell: Sticky Flame
  1532 | D:1      | Killed Robin
  1920 | D:2      | Found a shadowy altar of Dithmenos.
  2543 | D:3      | Found a radiant altar of Vehumet.
  2549 | D:3      | Noticed robotcentaur's ghost (weakling GnSk)
  2552 | D:3      | Became a worshipper of Vehumet
  2558 | D:3      | Noticed Natasha
  2566 | D:3      | Killed Natasha
  2566 | D:3      | Reached XP level 5. HP: 15/28 MP: 1/13
  2657 | D:3      | Noticed Natasha
  2884 | D:3      | Killed Natasha
  3104 | D:3      | Noticed Natasha
  3108 | D:3      | Killed Natasha
  3259 | D:4      | Reached XP level 6. HP: 31/32 MP: 10/14
  3293 | D:4      | Learned a level 5 spell: Fireball
  3391 | D:4      | Noticed Eustachio
  3430 | D:4      | Killed Eustachio
  3430 | D:4      | Reached skill level 5 in Spellcasting
  3430 | D:4      | Reached skill level 6 in Fire Magic
  3599 | D:4      | Reached * piety under Vehumet
  3599 | D:4      | Offered knowledge of Sandblast by Vehumet.
  3645 | D:4      | Learned a level 3 spell: Conjure Flame
  3997 | D:4      | Reached XP level 7. HP: 36/36 MP: 8/16
  4101 | D:5      | Entered Level 5 of the Dungeon
  4111 | D:5      | Noticed Timbabwe's ghost (novice DrTm)
  4243 | D:5      | Reached skill level 1 in Evocations
  4249 | D:5      | Reached skill level 7 in Fire Magic
  4424 | D:5      | Found a white marble altar of Elyvilon.
  4658 | D:5      | Offered knowledge of Throw Frost by Vehumet.
  4780 | D:5      | Killed Timbabwe's ghost
  4780 | D:5      | Reached skill level 8 in Fire Magic
  4780 | D:5      | Reached XP level 8. HP: 41/41 MP: 2/19
  4894 | D:5      | Reached ** piety under Vehumet
  4895 | D:5      | Found a bloodstained altar of Trog.
  5395 | D:6      | Reached skill level 5 in Conjurations
  5657 | D:6      | Found an ornate altar of the Wu Jian Council.
  5663 | D:6      | Reached skill level 1 in Fighting
  5891 | D:6      | Got a jewelled shortbow
  6074 | D:7      | Noticed WeiSong's ghost (novice DrTm)
  6105 | D:7      | Killed WeiSong's ghost
  6105 | D:7      | Reached skill level 5 in Dodging
  6105 | D:7      | Reached skill level 9 in Fire Magic
  6105 | D:7      | Reached XP level 9. HP: 8/48 MP: 1/22
  6437 | D:7      | Found an opulent altar of Gozag.
  6529 | D:7      | Found a stormy altar of Qazlal.
  6529 | D:7      | Noticed Joseph
  6821 | D:7      | HP: 2/48 [Joseph/sling bullet (3)]
  7343 | D:7      | Killed Joseph
  7640 | D:7      | Found a staircase to the Ecumenical Temple.
  7935 | D:7      | Reached skill level 10 in Fire Magic
  8432 | D:8      | Found a sand-covered staircase.
  8436 | Ossuary  | Entered an ossuary
  8511 | Ossuary  | Offered knowledge of Stone Arrow by Vehumet.
  8515 | Ossuary  | Reached *** piety under Vehumet
  9108 | D:8      | Found an iron altar of Okawaru.
  9186 | D:9      | Noticed a two-headed ogre
  9189 | D:8      | Offered knowledge of Static Discharge by Vehumet.
  9209 | D:9      | Reached XP level 10. HP: 56/56 MP: 18/24
  9293 | D:9      | Noticed a two-headed ogre
  9528 | D:8      | Killed a two-headed ogre
 10036 | D:9      | Noticed a two-headed ogre
 10044 | D:9      | Killed a two-headed ogre
 10044 | D:9      | Reached skill level 11 in Fire Magic
 10191 | D:9      | Reached **** piety under Vehumet
 10357 | D:8      | Learned a level 2 spell: Blink
 10359 | D:8      | Learned a level 1 spell: Magic Dart
 10385 | D:9      | Found a snail-covered altar of Cheibriados.
 10406 | D:9      | Killed a two-headed ogre
 10406 | D:9      | Reached skill level 5 in Evocations
 10622 | D:10     | Entered Level 10 of the Dungeon
 10622 | D:10     | Noticed todius's ghost (journeyman TrMo)
 10625 | D:10     | Reached skill level 10 in Spellcasting
 10840 | D:10     | Offered knowledge of Bolt of Draining by Vehumet.
 11614 | D:10     | Found a staircase to the Lair.
 11639 | D:10     | Found Daul's Magic Scroll Shop.
 11982 | Lair:1   | Entered Level 1 of the Lair of Beasts
 11986 | Lair:1   | Reached XP level 11. HP: 60/60 MP: 20/27
 11995 | Lair:1   | Reached skill level 12 in Fire Magic
 13387 | Lair:2   | HP: 3/60 [poisoned by a water moccasin]
 13395 | Lair:2   | HP: 3/60 [poisoned by a water moccasin]
 14055 | Lair:2   | Noticed Gastronok
 14119 | Lair:2   | Killed Gastronok
 14119 | Lair:2   | Reached skill level 13 in Fire Magic
 15406 | Lair:3   | Reached XP level 12. HP: 44/64 MP: 4/29
 16428 | Lair:3   | Found a staircase to the Shoals.
 16633 | Lair:4   | Noticed bande's ghost (journeyman GrFi)
 16635 | Lair:4   | Noticed Rupert
 16921 | Lair:3   | Learned a level 5 spell: Bolt of Draining
 17023 | Lair:4   | Paralysed by Rupert for 2 turns
 17412 | Shoals:1 | Entered Level 1 of the Shoals
 18022 | D:11     | Noticed a two-headed ogre
 18040 | D:11     | Killed a two-headed ogre
 18040 | D:11     | Reached skill level 14 in Fire Magic
 18450 | D:11     | Found Cytaod's Elemental Accessories.
 18620 | D:11     | Found a flagged portal.
 18634 | Bailey   | Entered a bailey
 18780 | Bailey   | Reached ***** piety under Vehumet
 18814 | Bailey   | Offered knowledge of Iskenderun's Battlesphere by Vehumet.
 18815 | Bailey   | Reached skill level 10 in Conjurations
 18905 | Bailey   | Learned a level 5 spell: Iskenderun's Battlesphere
 19682 | D:12     | Got a fine lead ring
 20059 | D:13     | Noticed a two-headed ogre
 20069 | D:13     | Killed a two-headed ogre
 20710 | D:13     | Noticed a two-headed ogre
 20786 | D:13     | Killed a two-headed ogre
 20918 | D:13     | Got a pair of pitted gloves
 20924 | D:13     | Identified the +2 pair of gloves of Immorality {+Inv rF+} (You found it on level 13 of the Dungeon)
 20925 | D:13     | Identified the cursed ring of Logeerev {rPois EV-2 Str+2 Int+4 Slay-4} (You found it on level 12 of the Dungeon)
 21079 | D:13     | Noticed a centaur warrior
 21081 | D:13     | Killed a centaur warrior
 21081 | D:13     | Reached skill level 10 in Dodging
 21199 | D:13     | Reached XP level 13. HP: 69/69 MP: 27/31
 21994 | D:14     | Reached skill level 15 in Fire Magic
 22353 | D:14     | Found a gate to the Vaults.
 23121 | D:15     | Entered Level 15 of the Dungeon
 23514 | D:15     | Found a stormy altar of Qazlal.
 23887 | D:15     | Reached skill level 5 in Fighting
 23898 | D:15     | Offered knowledge of Bolt of Cold by Vehumet.
 24524 | D:15     | Reached skill level 16 in Fire Magic
 24524 | D:15     | Reached XP level 14. HP: 51/78 MP: 10/33
 25704 | D:15     | Found a portal to a secret trove of treasure.
 25909 | D:15     | Found a staircase to the Depths.
 27180 | D:10     | Killed todius's ghost
 27358 | D:10     | Found a staircase to the Orcish Mines.
 27556 | Orc:1    | Entered Level 1 of the Orcish Mines
 27592 | Orc:1    | Noticed WeiSong's ghost (journeyman DsAr)
 27910 | Orc:1    | Killed WeiSong's ghost
 28269 | Orc:2    | Entered Level 2 of the Orcish Mines
 28529 | Orc:2    | Offered knowledge of Bolt of Fire by Vehumet.
 28569 | Orc:1    | Learned a level 6 spell: Bolt of Fire
 28582 | Orc:2    | Found a staircase to the Elven Halls.
 28690 | Orc:2    | Found Imias's Assorted Antiques.
 29410 | Orc:2    | Gained mutation: You are clumsy. (Dex -2) [a neqoxec]
 30245 | Orc:2    | Reached skill level 17 in Fire Magic
 30282 | Orc:2    | Found Bulizukast's Book Shop.
 30282 | Orc:2    | Found Gunopeiq's Antique Armour Shoppe.
 30284 | Orc:2    | Found Toeqycillu's Food Shoppe.
 30284 | Orc:2    | Found Soygets's Jewellery Shop.
 30315 | Orc:2    | Bought a pair of slimy boots for 228 gold pieces
 30325 | Orc:2    | Identified the +2 pair of boots "Gof Ruu" {rF+ Dex+3} (You bought it in a shop on level 2 of the Orcish Mines)
 30480 | Orc:2    | Bought a papyrus book for 345 gold pieces
 31007 | Lair:4   | Paralysed by Rupert for 7 turns
 31113 | Lair:4   | Offered knowledge of Iron Shot by Vehumet.
 31474 | Lair:5   | Found a staircase to the Slime Pits.
 31474 | Lair:5   | Found a viscous altar of Jiyva.
 31858 | Lair:6   | Entered Level 6 of the Lair of Beasts
 32316 | Lair:6   | Reached XP level 15. HP: 84/84 MP: 20/35
 32881 | Lair:6   | Reached skill level 15 in Spellcasting
 33246 | Lair:6   | Offered knowledge of Ozocubu's Refrigeration by Vehumet.
 33866 | Lair:3   | Paralysed by Rupert for 5 turns
 34075 | Shoals:1 | Noticed mistaj's ghost (adept GrFi)
 34675 | Shoals:2 | Reached skill level 18 in Fire Magic
 36087 | Shoals:4 | Entered Level 4 of the Shoals
 36176 | Shoals:4 | Reached XP level 16. HP: 81/88 MP: 14/37
 36320 | Shoals:4 | Noticed Ilsuiw
 36324 | Shoals:4 | Killed Ilsuiw
 36876 | Shoals:4 | Noticed Nikola
 36877 | Shoals:4 | Noticed Polyphemus
 36905 | Shoals:4 | Slain by a merfolk

Skill      XL: |  1  2  3  4  5  6  7  8  9 10 11 12 13 14 15 16 |
---------------+-------------------------------------------------+-----
Fire Magic     | 4 5 6 8 9 10 11 13 14 16 17 18 | 18.8
Dodging        | 3 4 5 6 8 10 11 12 13 | 13.8
Spellcasting   | 4 5 6 7 8 10 11 12 13 14 15 16 | 16.1
Conjurations   | 2 3 4 5 6 8 9 10 11 12 13 | 13.7
Evocations     | 2 3 5 6 |  6.6
Fighting       | 1 3 5 6 |  6.0
Stealth        | |  2.4

Action                   |  1- 3 |  4- 6 |  7- 9 | 10-12 | 13-15 | 16-18 || total
-------------------------+-------+-------+-------+-------+-------+-------++-------
Melee: Unarmed           |       |     1 |       |       |       |       ||     1
       Short sword       |       |       |    19 |       |       |       ||    19
       Staff             |       |       |    19 |     2 |    10 |       ||    31
 Cast: Flame Tongue      |    49 |    92 |   249 |   473 |   421 |    14 ||  1298
       Throw Flame       |     7 |    25 |    72 |    20 |    45 |     3 ||   172
       Sticky Flame      |       |     4 |    12 |   118 |   196 |     8 ||   338
       Conjure Flame     |       |       |     6 |    22 |    24 |       ||    52
       Fireball          |       |       |     5 |    50 |   108 |       ||   163
       Magic Dart        |       |       |       |    19 |    92 |       ||   111
       Blink             |       |       |       |     8 |     6 |       ||    14
       Iskenderun's Batt |       |       |       |     1 |    22 |       ||    23
       Bolt of Draining  |       |       |       |       |     1 |       ||     1
       Bolt of Fire      |       |       |       |       |   213 |    35 ||   248
 Abil: Evoke Invisibilit |       |       |       |       |     2 |       ||     2
Evoke: Wand              |       |       |       |     2 |       |       ||     2
  Use: Scroll            |     1 |       |     9 |    16 |     7 |       ||    33
       Potion            |       |       |       |     7 |     1 |     2 ||    10
  Eat: Chunk             |     1 |     4 |    11 |    17 |    35 |     4 ||    72
       Ration            |       |     3 |     2 |     8 |     9 |       ||    22
Armor: Robe              |    11 |    13 |    18 |    25 |     4 |       ||    71
       Acid dragon scale |       |       |       |       |   109 |     9 ||   118
Dodge: Dodged            |    23 |    42 |    79 |   214 |   260 |    30 ||   648
       Deflected         |       |       |       |     6 |    34 |    17 ||    57
Block: Other             |     7 |    18 |    17 |    27 |       |       ||    69
       Reflection        |     1 |     4 |     3 |       |       |       ||     8
